Cogmind - Beta 16 @@@ ROGUE MODE // 2025.10.24 @ 22:04:54 Player: jumpy Result: Destroyed by B-75 Beast with Magnetic Acceleration Cannon Performance ------------- Evolutions (2) 1000 Regions Visited (6) 1200 Robots Destroyed (37) 185 Value Destroyed (693) 693 Prototype IDs (3) 60 Alien Tech Used (0) 0 Bonus (200) 200 TOTAL SCORE: 3338 Bonus ------- Entered Garrisons 200 Cogmind --------- Core Integrity 0/550 Matter 244/300 Energy 100/100 System Corruption 4% Temperature Cool (21) Movement Core (50) Location -8/Garrison Parts ------- > --- POWER (1) -------- (None) > --- PROPULSION (3) --- (None) > --- UTILITY (3) ------ (None) > --- WEAPON (4) ------- (None) > --- INVENTORY (5) ---- Compact Wheel Compact Wheel Improved Terrain Scanner Improved Medium Laser Rocket Launcher Peak State ------------ > --- POWER ------------ Light Ion Engine > --- PROPULSION ------- Aluminum Leg Aluminum Leg Aluminum Leg > --- UTILITY ---------- Disposable Heat Sink Large Storage Unit Seismic Detector > --- WEAPON ----------- Improved Medium Laser Heavy Particle Gun Heavy Particle Gun Heavy Particle Gun > --- INVENTORY -------- Compact Wheel Compact Wheel Improved Terrain Scanner Seismic Detector Medium Armor Plating Improved Medium Laser Improved Medium Laser Improved Medium Laser Rocket Launcher [Rating: 24] Favorites ----------- Power Light Ion Engine Engine Light Ion Engine Propulsion Aluminum Leg Leg Aluminum Leg Utility Seismic Detector Device Seismic Detector Storage Small Storage Unit Weapon Improved Medium Laser Energy Gun Improved Medium Laser Ballistic Gun Assault Rifle Ballistic Cannon Improved Light Cannon Build | -11 -10 -10 -9 -9 -8 -8 ------- Run | Yrd Mat Min Mat Min Mat Gar Slots Evolved 4 | . . . 2 . 2 . Power . | . . . . . . . Propulsion 1 | . . . 1 . . . Utility 1 | . . . 1 . . . Weapon 2 | . . . . . 2 . Parts Attached 24 | 8 . . 6 . 10 . Power 3 | 1 . . 1 . 1 . Engine 3 | 1 . . 1 . 1 . Core . | . . . . . . . Reactor . | . . . . . . . Propulsion 3 | 2 . . 1 . . . Treads . | . . . . . . . Leg 3 | 2 . . 1 . . . Wheel . | . . . . . . . Hover . | . . . . . . . Flight . | . . . . . . . Utility 6 | 2 . . . . 4 . Device 2 | 1 . . . . 1 . Storage 4 | 1 . . . . 3 . Processor . | . . . . . . . Hackware . | . . . . . . . Protection . | . . . . . . . Artifact . | . . . . . . . Weapon 12 | 3 . . 4 . 5 . Energy Gun 9 | 2 . . 2 . 5 . Energy Cannon . | . . . . . . . Ballistic Gun 1 | 1 . . . . . . Ballistic Cannon 2 | . . . 2 . . . Launcher . | . . . . . . . Special Weapon . | . . . . . . . Impact Weapon . | . . . . . . . Slashing Weapon . | . . . . . . . Piercing Weapon . | . . . . . . . Special Melee Weapon . | . . . . . . . Unidentified Prototypes 1 | . . . 1 . . . Parts Lost 13 | . . . 2 . 2 9 Power 3 | . . . 1 . 1 1 Propulsion 3 | . . . . . 1 2 Utility 2 | . . . . . . 2 Weapon 5 | . . . 1 . . 4 Highest Loss Streak 9 | . . . 1 . 1 9 To Critical Strikes 1 | . . . . . 1 . Average Backups 6 | 4 7 8 7 8 6 8 Power . | . 1 1 . . . . Propulsion 1 | 1 2 2 2 2 2 2 Utility 2 | . 2 3 3 3 3 2 Weapon 1 | . 1 2 2 3 1 3 Tool/Special . | . . . . . . . Unused Backups 9 | 1 1 . 1 1 . 5 Power . | . . . . . . . Propulsion 2 | . . . . . . 2 Utility 3 | . 1 . . . . 2 Weapon 4 | 1 . . 1 1 . 1 Tool/Special . | . . . . . . . Average Slot Usage (%) 88 | . 100 100 83 88 95 56 Engine 10 | . 14 14 10 11 8 4 Leg 26 | . 28 28 28 33 25 9 Device 12 | . 14 14 11 11 15 9 Storage 10 | . 14 14 11 11 9 7 Energy Gun 20 | . 14 14 8 22 35 25 Ballistic Gun 3 | . 14 14 2 . . . Ballistic Cannon 2 | . . . 10 . . . Peak Build Rating 24 | 7 8 8 13 13 24 23 Average Rating 11 | 6 7 8 10 13 20 14 On Entrance 10 | . 7 8 8 13 13 23 Avg Prop Armor Cover (%) . | . . . . . . . Naked Turns 24 | . . . . . . 24 Heaviest Build 37 | 12 12 12 16 15 37 37 Greatest Support 30 | 20 20 20 30 30 30 20 Greatest Overweight (x) 10 | . . . . . 1 10 Average Overweight (x) . | . . . . . . . Largest Inventory Capacity 20 | 8 8 8 8 8 20 15 Average Capacity 9 | 7 8 8 8 8 14 12 Most Carried 9 | 6 8 8 8 8 9 9 Average Carried 6 | 4 7 8 7 8 6 8 Final Capacity 15 | 8 8 8 8 8 15 5 Final Carried 9 | 6 8 8 8 8 9 5 Class Distribution -------------------- 77% | Mutant 22% | Gunner Dominant Class ---------------- Mutant | -10/Materials Mutant | -10/Mines Mutant | -9/Materials Mutant | -9/Mines Gunner | -8/Materials Gunner | -8/Garrison Resources | -11 -10 -10 -9 -9 -8 -8 ----------- Run | Yrd Mat Min Mat Min Mat Gar Matter Collected 652 | 349 33 . 95 . 101 74 Remotely . | . . . . . . . Salvage Created 949 | 284 154 40 183 . 180 108 Parts 76 | 29 7 4 15 . 15 6 Haulers Intercepted 1 | . . . 1 . . . Recyclers Shooed 1 | . 1 . . . . . Parts Field Recycled . | . . . . . . . Retrieved Matter . | . . . . . . . Parts Self-Destructed . | . . . . . . . Prevented . | . . . . . . . Parts Restored . | . . . . . . . Kills | -11 -10 -10 -9 -9 -8 -8 ------- Run | Yrd Mat Min Mat Min Mat Gar Combat Hostiles Destroyed 25 | . 4 3 8 . 8 2 Guns 17 | . 4 3 . . 8 2 Cannons 8 | . . . 8 . . . Classes Destroyed 7 | 3 1 1 2 . . . Worker 2 | 2 . . . . . . Tunneler 8 | 8 . . . . . . Hauler 1 | . . . 1 . . . Recycler 1 | 1 . . . . . . Swarmer 13 | . . 3 4 . 6 . Grunt 6 | . 4 . 2 . . . Sentry 6 | . . . 2 . 2 2 Best Kill Streak 4 | 3 2 3 4 . 4 2 Combat Bots Only 4 | . 2 3 4 . 4 2 Max Kills in Single Turn 2 | 1 1 1 1 . 2 1 Gunslinging 1 | . . . . . 1 . Exploded . | . . . . . . . Melee . | . . . . . . . Uniques/NPCs Destroyed . | . . . . . . . Combat | -11 -10 -10 -9 -9 -8 -8 -------- Run | Yrd Mat Min Mat Min Mat Gar Hostile Shots Fired 147 | . 18 7 48 . 23 51 Missed 46 | . 8 3 21 . 6 8 Hits 101 | . 10 4 27 . 17 43 Melee 1 | . . . . . . 1 Projectile 100 | . 10 4 27 . 17 42 Critical Strikes 5 | . . . 2 . 2 1 Damage Taken 1677 | . 116 30 312 . 157 1062 Core 653 | . 25 . 72 . 44 512 Absorbed by Shields . | . . . . . . . Core Remaining (%) 90 | 100 . 90 . 82 . . Volleys Fired 84 | 23 16 4 22 . 12 7 Largest 4 | 2 2 2 2 . 4 4 Hottest 224 | 60 60 60 63 . 224 222 Shots Fired 204 | 46 32 8 43 . 48 27 Gun 162 | 46 32 8 1 . 48 27 Cannon 42 | . . . 42 . . . Launcher . | . . . . . . . Special . | . . . . . . . Kinetic 86 | 23 16 4 43 . . . Thermal 118 | 23 16 4 . . 48 27 Explosive . | . . . . . . . Electromagnetic . | . . . . . . . Robot Hit Streak 19 | 7 5 2 5 . 6 19 Robot Miss Streak 5 | 2 3 1 5 . 4 1 Penetration Max . | . . . . . . . Secondary Targets 2 | . . . . . 1 1 Max Gunslinging Chain 1 | . . . . . 1 1 Shots Hit Robots 125 | 28 19 4 25 . 23 26 Core Hits 49 | 12 10 3 9 . 10 5 Critical Kills . | . . . . . . . Critical Parts Destroyed 1 | . 1 . . . . . Critical Strikes 6 | . 1 . 1 . 3 1 Burn 4 | . . . . . 3 1 Destroy 1 | . 1 . . . . . Blast 1 | . . . 1 . . . Melee Attacks . | . . . . . . . Impact . | . . . . . . . Slashing . | . . . . . . . Piercing . | . . . . . . . Sneak Attacks . | . . . . . . . Combat Hostiles . | . . . . . . . Follow-up Attacks . | . . . . . . . Damage Inflicted 1998 | 336 247 40 480 . 401 494 Guns 1491 | 336 247 40 . . 401 467 Cannons 480 | . . . 480 . . . Explosions . | . . . . . . . Melee . | . . . . . . . Ramming 27 | . . . . . . 27 Kinetic 805 | 170 135 20 480 . . . Thermal 1166 | 166 112 20 . . 401 467 Explosive . | . . . . . . . Electromagnetic . | . . . . . . . Impact . | . . . . . . . Slashing . | . . . . . . . Piercing . | . . . . . . . Highest Corruption 4 | . . . . . . 4 Average Corruption 3 | . . . . . . 3 Corruption Purged . | . . . . . . . Corruption Blocked . | . . . . . . . Effects 2 | . . . . . . 2 Matter Fused 2 | . . . . . . 2 Overload Shots . | . . . . . . . Overflow Damage . | . . . . . . . Projectiles . | . . . . . . . Explosions . | . . . . . . . Melee . | . . . . . . . Knockbacks 2 | . . . 2 . . . Impact . | . . . . . . . Kinetic 2 | . . . 2 . . . Secondary . | . . . . . . . Self-Inflicted Damage 13 | . . . . . . 13 Shots . | . . . . . . . Rammed 5 | . . . . . . 5 Targets Rammed 5 | . . . . . . 5 Kicked . | . . . . . . . Crushed . | . . . . . . . Highest Temperature 225 | . 24 . 7 . 192 225 Average Temperature 85 | . 16 . 5 . 107 130 Received Heat Transfer 438 | . 66 . 99 . 18 255 Effects 1 | . . . . . . 1 Energy Bleed 1 | . . . . . . 1 Siege Activations . | . . . . . . . Martial Activations . | . . . . . . . Shielding Activations . | . . . . . . . Robots Disrupted . | . . . . . . . Combat Hostiles . | . . . . . . . Robots Corrupted . | . . . . . . . Combat Hostiles . | . . . . . . . Parts Fried . | . . . . . . . Impact Corruptions . | . . . . . . . Robots Melted . | . . . . . . . Combat Hostiles . | . . . . . . . Parts Melted 1 | . . . . . . 1 Heat Transferred 2784 | 375 250 50 . . 1073 1036 Parts Sabotaged . | . . . . . . . Parts Stolen . | . . . . . . . Parts Stripped . | . . . . . . . Power Chain Reactions . | . . . . . . . Alert | -11 -10 -10 -9 -9 -8 -8 ------- Run | Yrd Mat Min Mat Min Mat Gar Maximum Alert Level . | . . . . . . . Low Security (%) 100 | 100 100 100 100 100 100 100 Level 1 . | . . . . . . . Level 2 . | . . . . . . . Level 3 . | . . . . . . . Level 4 . | . . . . . . . Level 5 . | . . . . . . . High Security . | . . . . . . . Max Security . | . . . . . . . Peak Influence 185 | 10 50 81 185 44 102 107 Initial 62 | . . 11 23 44 . 62 Average 39 | 1 24 67 108 11 38 62 Influence Increases 781 | 55 90 70 225 . 206 135 Destroy 0b10 Robot/C 500 | . 80 60 160 . 160 40 Destroy 0b10 Robot/NC 60 | 55 . . 5 . . . Destroy Leader 92 | . 10 10 32 . 40 . Successful Hack 16 | . . . 12 . 4 . Disable Machine 15 | . . . 15 . . . Anti-Garrison Action 50 | . . . . . . 50 Destroy Structure 3 | . . . 1 . 2 . Lose Combat Pursuer 45 | . . . . . . 45 Influence Decreases 674 | 55 60 39 171 115 110 124 Entered New Map 162 | . . 19 38 71 . 34 Time Decay 389 | 55 60 20 120 44 90 . Lost Part 123 | . . . 13 . 20 90 Squads Dispatched . | . . . . . . . Investigation . | . . . . . . . Extermination . | . . . . . . . Reinforcement . | . . . . . . . Assault . | . . . . . . . Garrison . | . . . . . . . Intercept . | . . . . . . . Searches Triggered . | . . . . . . . Construction Impeded . | . . . . . . . Haulers Reinforced . | . . . . . . . Active Scanning Responses . | . . . . . . . Cargo Convoy Interrupts . | . . . . . . . Stealth | -11 -10 -10 -9 -9 -8 -8 --------- Run | Yrd Mat Min Mat Min Mat Gar Distress Signals 2 | . 2 . . . . . Communications Jammed . | . . . . . . . Distress Signals . | . . . . . . . Times Spotted 37 | . 8 2 10 . 6 11 Peak Tracking Total 7 | . 4 2 4 . 3 7 Tactical Retreats 2 | . . . . . . 2 Traps | -11 -10 -10 -9 -9 -8 -8 ------- Run | Yrd Mat Min Mat Min Mat Gar Traps Triggered 2 | . . . . . . 2 Indirectly . | . . . . . . . Trap Hack Attempts . | . . . . . . . Triggered . | . . . . . . . Disarmed . | . . . . . . . Reprogrammed . | . . . . . . . Reused . | . . . . . . . Traps Extracted . | . . . . . . . Installed . | . . . . . . . Triggered . | . . . . . . . Machines | -11 -10 -10 -9 -9 -8 -8 ---------- Run | Yrd Mat Min Mat Min Mat Gar Machines Disabled 1 | . . . 1 . . . Max in Single Turn 1 | . . . 1 . . . Machines Repaired . | . . . . . . . Machines Dismantled . | . . . . . . . Machines Sabotaged . | . . . . . . . Overloaded Fab Kills . | . . . . . . . Hacking | -11 -10 -10 -9 -9 -8 -8 --------- Run | Yrd Mat Min Mat Min Mat Gar Machines Accessed 3 | . . . 1 . 1 1 Terminals 2 | . . . 1 . . 1 Fabricators . | . . . . . . . Repair Stations . | . . . . . . . Recycling Units . | . . . . . . . Scanalyzers . | . . . . . . . Garrison Access 1 | . . . . . 1 . Total Hacks 6 | . . . 3 . 1 2 Successful 3 | . . . 2 . 1 . Failed 3 | . . . 1 . . 2 Catastrophic 1 | . . . . . . 1 Database Lockouts . | . . . . . . . Manual . | . . . . . . . Terminals 5 | . . . 3 . . 2 Fabricators . | . . . . . . . Repair Stations . | . . . . . . . Recycling Units . | . . . . . . . Scanalyzers . | . . . . . . . Garrison Access 1 | . . . . . 1 . Terminal Hacks 2 | . . . 2 . . . Prototype ID Bank 1 | . . . 1 . . . Branch Access Points 1 | . . . 1 . . . Fabricator Hacks . | . . . . . . . Repair Station Hacks . | . . . . . . . Recycling Unit Hacks . | . . . . . . . Scanalyzer . | . . . . . . . Garrison Access Hacks 1 | . . . . . 1 . Unlock Access 1 | . . . . . 1 . Unauthorized Hacks . | . . . . . . . Terminals . | . . . . . . . Fabricators . | . . . . . . . Repair Stations . | . . . . . . . Recycling Units . | . . . . . . . Scanalyzers . | . . . . . . . Garrison Access . | . . . . . . . Data Cores Recovered . | . . . . . . . Used . | . . . . . . . Hacking Detections 2 | . . . 1 . . 1 Full Trace Events 1 | . . . . . . 1 Feedback Events . | . . . . . . . Feedback Blocked . | . . . . . . . Robot Schematics Acquired . | . . . . . . . Robots Built . | . . . . . . . Authchips . | . . . . . . . Time . | . . . . . . . Total Robot Build Rating . | . . . . . . . Part Schematics Acquired . | . . . . . . . Parts Built . | . . . . . . . Authchips . | . . . . . . . Time . | . . . . . . . Total Part Build Rating . | . . . . . . . Part Studies Acquired . | . . . . . . . Parts Repaired . | . . . . . . . Time . | . . . . . . . Parts Recycled . | . . . . . . . Recycled Matter . | . . . . . . . Retrieved Matter . | . . . . . . . Retrieved Components . | . . . . . . . Parts Scanalyzed . | . . . . . . . Part Schematics Acquired . | . . . . . . . Parts Damaged . | . . . . . . . Bothacking | -11 -10 -10 -9 -9 -8 -8 ------------ Run | Yrd Mat Min Mat Min Mat Gar Used RIF Installer . | . . . . . . . Robots Hacked . | . . . . . . . Non-combat . | . . . . . . . Combat . | . . . . . . . Robot Hacks Applied . | . . . . . . . Relay Couplers Released . | . . . . . . . Fabnet Peak Effective % . | . . . . . . . Robots Rewired . | . . . . . . . Allies Hacked . | . . . . . . . Hacks Repelled . | . . . . . . . Allies | -11 -10 -10 -9 -9 -8 -8 -------- Run | Yrd Mat Min Mat Min Mat Gar Total Allies . | . . . . . . . Largest Group . | . . . . . . . Highest-Rated Group . | . . . . . . . Highest-Rated Ally . | . . . . . . . Total Orders . | . . . . . . . Ally Attacks . | . . . . . . . Total Damage . | . . . . . . . Kills . | . . . . . . . Allies Corrupted . | . . . . . . . Allies Melted . | . . . . . . . Intel | -11 -10 -10 -9 -9 -8 -8 ------- Run | Yrd Mat Min Mat Min Mat Gar Active Infowar (turns) 1175 | 189 191 46 262 198 250 39 Seismic 1175 | 189 191 46 262 198 250 39 Robot Analysis Total . | . . . . . . . Derelict Logs Recovered . | . . . . . . . Drone Launches . | . . . . . . . Drone Recoveries . | . . . . . . . Exploration | -11 -10 -10 -9 -9 -8 -8 ------------- Run | Yrd Mat Min Mat Min Mat Gar Turns Passed 1377 | 329 191 46 262 198 250 101 Spaces Moved 828 | 204 117 29 153 166 99 60 Core 49 | 5 . . . . . 44 Treads . | . . . . . . . Legs 779 | 199 117 29 153 166 99 16 Wheels . | . . . . . . . Hover . | . . . . . . . Flight . | . . . . . . . Fastest Speed 50 | 50 120 120 120 120 120 50 Average Speed 126 | 118 120 120 120 120 181 113 Slowest Speed 550 | 120 120 120 120 120 190 550 Overloaded Moves . | . . . . . . . Propulsion Burnouts . | . . . . . . . Robots Hopped . | . . . . . . . Potential Cave-ins . | . . . . . . . Cave-ins Triggered . | . . . . . . . Exploration Rate (%) 21 | 8 36 10 19 53 13 11 Regions Visited 6 Branch Regions 2 Pre-discovered Areas . | . . . . . . . Known Exits Taken 2 | . . . 1 . 1 . Unknown Exits Taken 4 | 1 1 1 . 1 . . Scrap Searched . | . . . . . . . Spaces Dug . | . . . . . . . Terrain Destroyed 1 | . . . 1 . . . Melee . | . . . . . . . Projectile 1 | . . . 1 . . . AOE . | . . . . . . . Terrain Rammed . | . . . . . . . Walls Destroyed . | . . . . . . . Machines Disabled . | . . . . . . . Actions | -11 -10 -10 -9 -9 -8 -8 --------- Run | Yrd Mat Min Mat Min Mat Gar Total 976 | 242 136 32 186 167 137 76 Wait 17 | . . . . . 13 4 Move 822 | 203 116 28 152 165 98 60 Hop . | . . . . . . . Pick Up 13 | 7 3 . 2 1 . . Fast Attach 14 | 7 . . 2 . 5 . Attach 3 | . . . 1 . 2 . Detach . | . . . . . . . Swap 10 | 1 . . 5 . 4 . Drop 8 | 1 1 . 2 1 3 . Fire 84 | 23 16 4 22 . 12 7 Melee . | . . . . . . . Ram 5 | . . . . . . 5 Kick . | . . . . . . . Crush . | . . . . . . . Escape Stasis . | . . . . . . . Rewire . | . . . . . . . Trap . | . . . . . . . Miscellaneous . | . . . . . . . Route ------- -11/Scrapyard -10/Materials -10/Mines -9/Materials (discovered 2 exits: *Min x2) -9/Mines -8/Materials -8/Garrison History --------- Turn | Location | Event 5 | -11/Scrapyard | Discovered new exit (range 15) 330 | -11/Scrapyard | Entered Materials 331 | -10/Materials | Build established: Mutant 516 | -10/Materials | Discovered new exit (range 5) 521 | -10/Materials | Entered Mines 548 | -10/Mines | Met a Derelict bent on vengeance 550 | -10/Mines | Discovered new exit (range 10) 567 | -10/Mines | Entered Materials 567 | -9/Materials | Evolved 2 slots: Propulsion x1, Utility x1 779 | -9/Materials | Identified exit to Mines 829 | -9/Materials | Entered Mines 902 | -9/Mines | Received a Rocket Launcher from a helpful Derelict 1019 | -9/Mines | Discovered new exit (range 7) 1027 | -9/Mines | Entered Materials 1027 | -8/Materials | Evolved 2 slots: Weapon x2 1275 | -8/Materials | Identified exit to Garrison 1277 | -8/Materials | Entered Garrison 1316 | -8/Garrison | Spotted B-75 Beast 1332 | -8/Garrison | Build established: Gunner 1349 | -8/Garrison | Core integrity fell below 50% 1351 | -8/Garrison | Triggered checkpoint 1354 | -8/Garrison | Released all parts (1) 1377 | -8/Garrison | Core integrity fell below 20% 1378 | -8/Garrison | Destroyed by B-75 Beast with Magnetic Acceleration Cannon Last Messages --------------- 01341_ Hvy. Particle Gun destroyed. 01341_ Knocked back. 01345_ Hvy. Particle Gun destroyed. 01349_ Imp. Medium Laser destroyed. 01350_ System corrupted: Matter fused (-5). 01351_ Beams of light sweep through the air. An alarm sounds. 01354_ Released Lrg. Storage Unit. 01366_ Connecting with Garrison Terminal... 01366_ ALERT: Suspicious activity at Terminal G001. Transmitting hostile system tracking data. 01371_ Slammed into Y-45 Defender. 01371_ Destabilizing: System corrupted (+1). 01371_ Triggered Alarm Trap. 01371_ An alarm sounds. 01372_ Critical hit (Burn: +37). 01372_ Slammed into Y-45 Defender. 01373_ Slammed into G-47 Trooper. 01378_ System corrupted: Matter fused (-7). 01378_ Slammed into G-47 Trooper. 01378_ Destabilizing: Core damaged (-16). Map ----- +----------------------------------------------------+ | ?????????????????????????????????????????????????? | | ?????????????????????????????????????????????????? | | ?????????????????????????????????????????????????? | | ?????????????????????????????????????????????????? | | ?????????????????????????????###?????????????????? | | ????????????????????????????? #????????????????? | | ????????????????????????????? #????????????????? | | ?????????????????????????????# #????????????????? | | ?????????????????????????????# #????????????????? | | ?????????????????????????????# #????????????????? | | ?????????????????????????????# #????????????????? | | ?????????????????????????????# #????????????????? | | ?????????????????????????????# #????????????????? | | ?????????????????????????????# #????????????????? | | ?????????????????????????????# #????????????????? | | ????????????????????????#####" #??????#######???? | | ??????????????????????###! !%!" ######## #???? | | ?????????????????# #### #[["=%%" #???? | | ????????????????# % +=!###" #???? | | ?????????????????# ######!#??# #???? | | ????????????????????????#!#??########### #???? | | ????????????????????????#[###??????????#######???? | | ????????????????????????# #????????????????????? | | ????????????????????????#BBC#????????????????????? | | ????????????????????????#BBC#????????????????????? | | ????????????????????????#@###????????????????????? | | ????????????????????????#g#??????????????????????? | | ????????????????????????# #??????????????????????? | | ????????????????????????# #??????????????????????? | | ??????????????????????### #???####???????????????? | | ??????????????????????#"#g#???#!!#######?????????? | | ??????????????????????#" Y##### [##"T"#?????????? | | ??????????????????????#" Y "#?????????? | | ??????????????????????#" ##### !######?????????? | | ??????????????????????#"#+#???#!!##??????????????? | | ??????????????????????### #???####???????????????? | | ????????????????????????###??????????????????????? | | ?????????????????????????????????????????????????? | | ?????????????????????????????????????????????????? | | ?????????????????????????????????????????????????? | | ?????????????????????????????????????????????????? | | ?????????????????????????????????????????????????? | | ?????????????????????????????????????????????????? | | ?????????????????????????????????????????????????? | | ?????????????????????????????????????????????????? | | ?????????????????????????????????????????????????? | | ?????????????????????????????????????????????????? | | ?????????????????????????????????????????????????? | | ?????????????????????????????????????????????????? | | ?????????????????????????????????????????????????? | +----------------------------------------------------+ Best States ------------- Heat Dissipation 31 Coolant Potential 50 Energy Generation 10 Energy Capacity 125 Matter Stores 300 Matter Capacity 300 Sight Range 16 Terrain Scan Density 10 Evasion (%) 55 Item Schematics ----------------- None Robot Schematics ------------------ None Fabricated ------------ Nothing Repaired ---------- Nothing Studied --------- None Alien Tech Used ----------------- None Achievements -------------- None Challenges ------------ None Game ------ Seed GuidedAdvancedCleaver Manual? 0 Play Time 00:08:10 Cumulative 244.0 hours Start 2025.10.24 @ 21:53:34 End 2025.10.24 @ 22:04:54 Sessions 1 Manual Loads 0 Difficulty Rogue Special Mode None Game No. 557 Rogue 557 Adventurer 0 Explorer 0 Win Type - Total 14 Types 10/0/2/1/1/0/0/0/0/0 Lore% 79 Gallery% 69 Achievement% 45 Wizard Run 0 Options --------- Layout 0 ASCII 0 Keyboard 0 Movement Numpad Keybinds 0 Fullscreen 2 Font 18/Terminus Map View 76x50 Zoom Use 0% Tactical HUD 1 Map Filters NONE Filters SATURATION(100) Steam 1 RUN: 6d15bf42-5028-4a18-93a6-e8cfa4363248